 Dungeon Crawl Stone Soup version 0.31.0-32-g396128a36d (webtiles) character file.

Game seed: 15373275140794808151

62 RatsInWalls the Trooper (level 4, 0/38 HPs)
             Began as a Human Cinder Acolyte on Mar 10, 2024.
             Was a High Priest of Ignis.
             Slain by a dart slug (1 damage)
             ... on level 3 of the Dungeon.
             The game lasted 00:04:47 (1773 turns).

RatsInWalls the Trooper (Human Cinder Acolyte)      Turns: 1773, Time: 00:04:48

Health: 0/38       AC:  4    Str: 14    XL:     4   Next: 8%
Magic:  6/6        EV: 11    Int: 16    God:    Ignis [*****.]
Gold:   167        SH:  0    Dex:  9    Spells: 6/6 levels left

rFire   + . .        m - +0 long sword
rCold   . . .        (no shield)
rNeg    . . .        f - +0 leather armour
rPois   .            j - +0 hat
rElec   .            (no cloak)
rCorr   .            (no gloves)
SInv    .            k - +0 pair of boots
Will    .....        (no amulet)
Stlth   +            (no ring)
HPRegen 0.26/turn    (no ring)
MPRegen 0.10/turn

%: no passive effects
@: no status effects
A: explore regen, robust 1, subdued magic 1
a: Renounce Religion, Fiery Armour, Foxfire Swarm, Rising Flame


You were on level 3 of the Dungeon.
You worshipped Ignis.
Ignis was extremely pleased with you.
You visited 1 branch of the dungeon, and saw 3 of its levels.

You collected 167 gold pieces.

Inventory:

Hand Weapons
 m - a +0 long sword (weapon)
Armour
 f - a +0 leather armour (worn)
 j - a +0 hat (worn)
 k - a +0 pair of boots (worn)
 n - a +0 plate armour
Scrolls
 e - a scroll of amnesia {unknown}
 i - 2 scrolls of identify {unknown}
Potions
 a - a potion of mutation
 b - a potion of invisibility {unknown}
 c - a potion of brilliance {unknown}
 d - a potion of curing
 g - a potion of heal wounds {unknown}
 h - a potion of might {unknown}
 l - a potion of attraction {unknown}


   Skills:
 + Level 3.5 Fighting
 + Level 3.5 Long Blades
 + Level 0.6 Armour
 - Level 1.3 Stealth
 + Level 1.8 Spellcasting
 - Level 3.0 Fire Magic


You had 6 spell levels left.
You didn't know any spells.
Your spell library contained the following spells:

 Spells                   Type           Power      Damage    Failure   Level
 Scorch                   Fire           16%        2d5       10%         2


Dungeon Overview and Level Annotations

Branches:
Dungeon (3/15)

Altars:


Innate Abilities, Weirdness & Mutations

You regain HP and MP as you explore.
You are robust. (+10% HP)
Your spells are a little easier to cast, but a little less powerful.


Message History

The gnoll barely misses you.
You barely miss the gnoll.
The gnoll is moderately wounded.
The gnoll closely misses you.
You barely miss the gnoll.
The gnoll is moderately wounded.
The gnoll hits you with a +0 flail.
A dart slug comes into view.
You closely miss the gnoll.
The gnoll is moderately wounded.
The gnoll barely misses you.
The dart slug bites you but does no damage.
You completely miss the gnoll.
The gnoll is moderately wounded.
The gnoll closely misses you. The gnoll barely misses you.
The dart slug bites you.
You closely miss the gnoll.
The gnoll is moderately wounded.
The gnoll misses you.
You closely miss the gnoll.
The gnoll is moderately wounded.
The dart slug bites you but does no damage.
The gnoll hits you with a +0 flail.
A ball python comes into view.
The ball python hisses angrily.
You hit the gnoll.
The gnoll is heavily wounded.
The gnoll hits you with a +0 flail!
* * * LOW HITPOINT WARNING * * *
The dart slug misses you.
It was a potion of mutation.
You feel extremely strange.
Your connection to magic feels subdued.
You feel robust. The gnoll hits you with a +0 flail.
* * * LOW HITPOINT WARNING * * *
The dart slug launches a dart at you.
The slug dart hits you but does no damage.
It was a potion of curing.
You feel better. The gnoll hits you with a +0 flail!
* * * LOW HITPOINT WARNING * * *
The dart slug bites you.
You die...

#..................#### #.
..#.....................# ##
..<.....................# #
........)...............####
..................)######..†
..#...............†....##...
.....g...........#####......
..........#g.....# ####...
.#.....##@...### #####....
#.....###w...####.....###
#..........[......#####..
####.#............# #..
..#.#..........# #..
..##.##.........#####.. ##
..######............ ##
##.........##.> #.
##.........###..


You could see a gnoll and a dart slug.

Vanquished Creatures
  An adder (D:2)
  A gnoll (D:3)
  2 dart slugs (D:1)
  4 endoplasms
  6 hobgoblins
  6 jackals
  A quokka (D:1)
  2 ball pythons
  4 bats
  3 frilled lizards
  A goblin (D:2)
  3 kobolds
  6 rats
40 creatures vanquished.

Notes
Turn   | Place    | Note
-------+----------+-------------------------------------------
     0 | D:1      | RatsInWalls the Human Cinder Acolyte began the quest for
                  | the Orb.
     0 | D:1      | Reached XP level 1. HP: 18/18 MP: 2/2
   176 | D:1      | Reached XP level 2. HP: 7/24 MP: 3/3
   554 | D:1      | Reached skill level 1 in Stealth
   749 | D:1      | Reached XP level 3. HP: 29/29 MP: 5/5
  1703 | D:3      | Reached XP level 4. HP: 31/35 MP: 6/6
  1772 | D:3      | Gained mutation: Your spells are a little easier to cast,
                  | but a little less powerful. [potion of mutation]
  1772 | D:3      | Gained mutation: You are robust. (+10% HP) [potion of
                  | mutation]
  1773 | D:3      | HP: 1/38 [gnoll/+0 flail (8)]
  1773 | D:3      | Slain by a dart slug

Illustrated notes

Levels and vault maps discovered:
D:1:      heliophobic_arrival_henge, layout_basic
D:2:      layout_loops_ring, minmay_misc_feat_tiny
D:3:      layout_rooms, mainiacjoe_overflow_swirl

Skill      XL: |  1  2 |
---------------+-------+-----
Stealth        | 1 |  1.3
Fighting       | |  3.5
Long Blades    | |  3.5
Armour         | |  0.6
Spellcasting   | |  1.8
Fire Magic     | |  3.0

Action                     |  1- 3 |  4- 6 || total
---------------------------+-------+-------++-------
  Melee: Falchion          |    94 |       ||    94
         Long sword        |    28 |    15 ||    43
    Use: Potion            |       |     2 ||     2
   Stab: Sleeping          |     1 |       ||     1
 Armour: Leather armour    |    57 |    15 ||    72
         Robe              |     2 |       ||     2
  Dodge: Dodged            |    64 |     9 ||    73
